 Dungeon Crawl Stone Soup version 0.22.0-25-g7663229ff0 (webtiles) character file.

574253 btonasse the Hoplite (level 25, 0/229 HPs)
             Began as a Deep Dwarf Fighter on Aug 20, 2018.
             Was the Champion of Makhleb.
             Slain by an Orb Guardian (42 damage)
             ... on level 5 of the Realm of Zot.
             The game lasted 02:41:34 (45580 turns).

btonasse the Hoplite (Deep Dwarf Fighter)          Turns: 45580, Time: 02:41:34

Health: 0/229      AC: 41    Str: 30 (31) XL:     25   Next: 73%
Magic:  21/21      EV: 18    Int:  5 (7)  God:    Makhleb [******]
Gold:   1530       SH:  0    Dex: 12      Spells: 22/24 levels left

rFire    + + +     SeeInvis +   a - +6 broad axe (flame)
rCold    + + +     Gourm    .   Q - +4 large shield
rNeg     + . .     Faith    +   H - +9 scales of the Dragon King {rPois rF+ rC+ MR+}
rPois    +         Spirit   .   (no helmet)
rElec    +         Reflect  .   C - scarf {rC+ rF+}
rCorr    +         Harm     .   B - +2 pair of gloves {Str+3}
MR       ++++.                  j - +2 pair of boots
Stlth    ..........             r - amulet of faith
HPRegen  0.00/turn              S - ring of see invisible
MPRegen  0.17/turn              q - ring of protection from fire

@: confused, resistant, non-regenerating, studying Evocations
A: damage resistance, heal wounds, yellow scales 1, blurry vision 1,
deterioration 2, dopey 1, negative energy resistance 1, sense surroundings 3,
weak 2, MP-powered wands, no regeneration
}: 3/15 runes: decaying, serpentine, silver
a: Heal Wounds, Minor Destruction, Lesser Servant of Makhleb, Major Destruction,
Greater Servant of Makhleb, Renounce Religion


You were on level 5 of the Realm of Zot.
You worshipped Makhleb.
Makhleb was exalted by your worship.
You were not hungry.

You visited 9 branches of the dungeon, and saw 47 of its levels.
You visited 1 bazaar.
You also visited: Sewer and Ice Cave.

You collected 5823 gold pieces.
You spent 4293 gold pieces at shops.

Inventory:

Hand Weapons
 a - a +6 broad axe of flaming (weapon)
Armour
 j - a +2 pair of boots (worn)
 n - a +2 helmet
 B - a +2 pair of gloves of strength (worn)
 C - a scarf of resistance (worn)
 H - the +9 scales of the Dragon King (worn) {rPois rF+ rC+ MR+}
   (You found it on level 9 of the Dungeon)

   It protects you from fire.
   It protects you from cold.
   It protects you from poison.
   It affects your resistance to hostile enchantments.
 Q - a +4 large shield (worn)
Jewellery
 c - an uncursed ring of resist corrosion
 q - a ring of protection from fire (right hand)
 r - an amulet of faith (around neck)
 S - a ring of see invisible (left hand)
 X - a +4 ring of strength
Wands
 b - a wand of digging (28)
 g - a wand of clouds (6)
 i - a wand of enslavement (45)
 s - a wand of acid (38)
 v - a wand of scattershot (16)
 y - a wand of iceblast (28)
 K - a wand of paralysis (61)
Scrolls
 e - 8 scrolls of teleportation
 k - 6 scrolls of magic mapping
 o - 8 scrolls of fear
 p - 2 scrolls of identify
 w - 7 scrolls of silence
 z - 15 scrolls of remove curse
 F - a scroll of fog
 I - 2 scrolls of holy word
 M - 2 scrolls of summoning
 N - 3 scrolls of blinking
 O - 9 scrolls of immolation
Potions
 h - 7 potions of lignification
 l - a potion of mutation
 t - a potion of resistance
 G - 5 potions of flight
 L - 9 potions of curing
 Y - 5 potions of invisibility
 Z - a potion of magic
Books
 V - a manual of Evocations
Miscellaneous
 m - a lamp of fire
 u - 2 phantom mirrors
 D - 3 sacks of spiders
 J - a lightning rod (4/4)
 T - a phial of floods
 U - a lightning rod (4/4)
 W - 3 boxes of beasts
Comestibles
 f - 53 rations


   Skills:
 - Level 14.2 Fighting
 - Level 18.0 Axes
 - Level 20.4 Armour
 + Level 24.6 Dodging
 - Level 25.0 Shields
 - Level 17.0 Invocations
 - Level 9.9 Evocations


You had 22 spell levels left.
You knew the following spells:

 Your Spells              Type           Power        Failure   Level  Hunger
a - Summon Small Mammal   Summ           #...         99%         1    ##.....
b - Infusion              Chrm           #...         99%         1    ##.....

Your spell library contained the following spells:

 Spells                   Type           Power        Failure   Level  Hunger
 Apportation              Tloc           #.....       99%         1    ##.....
 Confusing Touch          Hex            #.....       99%         1    ##.....
 Corona                   Hex            #......      99%         1    ##.....
 Flame Tongue             Conj/Fire      #....        99%         1    ##.....
 Freeze                   Ice            #...         99%         1    ##.....
 Magic Dart               Conj           #...         99%         1    ##.....
 Sandblast                Erth           #.....       99%         1    ##.....
 Call Imp                 Summ           #.......     100%        2    ###....
 Corpse Rot               Necr           N/A          100%        2    ###....
 Passwall                 Tmut/Erth      #.......     100%        2    ###....
 Poisonous Vapours        Pois/Air       #.....       100%        2    ###....
 Searing Ray              Conj           #.....       100%        2    ###....
 Shroud of Golubria       Chrm/Tloc      #.........   100%        2    ###....
 Slow                     Hex            #.......     100%        2    ###....
 Song of Slaying          Chrm           #.......     100%        2    ###....
 Sublimation of Blood     Necr           #.........   100%        2    ###....
 Swiftness                Chrm/Air       #.......     100%        2    ###....
 Throw Flame              Conj/Fire      #.....       100%        2    ###....
 Throw Frost              Conj/Ice       #.....       100%        2    ###....
 Call Canine Familiar     Summ           #.......     100%        3    ####...
 Confuse                  Hex            #.......     100%        3    ####...
 Conjure Flame            Conj/Fire      #.......     100%        3    ####...
 Dazzling Spray           Conj/Hex       #.....       100%        3    ####...
 Gell's Gravitas          Tloc           #.........   100%        3    ####...
 Inner Flame              Hex/Fire       #.......     100%        3    ####...
 Mephitic Cloud           Conj/Pois/Air  #.......     100%        3    ####...
 Ozocubu's Armour         Chrm/Ice       #.......     100%        3    ####...
 Portal Projectile        Hex/Tloc       #.....       100%        3    ####...
 Recall                   Summ/Tloc      N/A          100%        3    ####...
 Spectral Weapon          Hex/Chrm       #.......     100%        3    ####...
 Static Discharge         Conj/Air       #.......     100%        3    ####...
 Stone Arrow              Conj/Erth      #.....       100%        3    ####...
 Summon Guardian Golem    Hex/Summ       #.......     100%        3    ####...
 Cause Fear               Hex            #.........   100%        4    #####..
 Force Lance              Conj/Tloc      #.......     100%        4    #####..
 Fulminant Prism          Conj/Hex       #.........   100%        4    #####..
 Iskenderun's Mystic Bla  Conj           #.......     100%        4    #####..
 Leda's Liquefaction      Hex/Erth       #.........   100%        4    #####..
 Passage of Golubria      Tloc           N/A          100%        4    #####..
 Petrify                  Tmut/Erth      #.......     100%        4    #####..
 Sticky Flame             Conj/Fire      #.......     100%        4    #####..
 Summon Ice Beast         Ice/Summ       #.......     100%        4    #####..
 Summon Lightning Spire   Summ/Air       #.......     100%        4    #####..
 Throw Icicle             Conj/Ice       #.......     100%        4    #####..
 Agony                    Necr           #.......     100%        5    ######.
 Bolt of Draining         Conj/Necr      #.........   100%        5    ######.
 Bolt of Magma            Conj/Fire/Erth #.........   100%        5    ######.
 Dispel Undead            Necr           #.......     100%        5    ######.
 Excruciating Wounds      Chrm/Necr      #.........   100%        5    ######.
 Fireball                 Conj/Fire      #.........   100%        5    ######.
 Irradiate                Conj/Tmut      #.........   100%        5    ######.
 Lee's Rapid Deconstruct  Erth           #.........   100%        5    ######.
 Metabolic Englaciation   Hex/Ice        #.........   100%        5    ######.
 Silence                  Hex/Air        #.........   100%        5    ######.
 Yara's Violent Unravell  Hex/Tmut       #.........   100%        5    ######.
 Darkness                 Hex            #.........   100%        6    #######
 Deflect Missiles         Chrm/Air       #.........   100%        6    #######
 Dispersal                Tloc           #.........   100%        6    #######
 Freezing Cloud           Conj/Ice/Air   #.........   100%        6    #######
 Hydra Form               Tmut           #.........   100%        6    #######
 Invisibility             Hex            #.......     100%        6    #######
 Simulacrum               Ice/Necr       #.........   100%        6    #######
 Statue Form              Tmut/Erth      #........    100%        6    #######
 Dragon Form              Tmut           #.........   100%        7    #######
 Ring of Flames           Chrm/Fire      #.........   100%        7    #######
 Controlled Blink         Tloc           N/A          100%        8    #######
 Discord                  Hex            #.........   100%        8    #######
 Disjunction              Tloc           #.........   100%        8    #######
 Regeneration             Chrm/Necr      Unusable     N/A         3    N/A

Dungeon Overview and Level Annotations

Branches:
Dungeon (15/15)            Temple (1/1) D:5            Lair (6/6) D:11
  Swamp (4/4) Lair:3        Snake (4/4) Lair:4        Slime (0/5) Lair:5
    Orc (2/2) D:11            Elf (0/3) Orc:2        Vaults (5/5) D:13
  Crypt (0/3) Vaults:3     Depths (5/5) D:15            Zot (5/5) Depths:5

Altars:
Ashenzari
Cheibriados
Dithmenos
Elyvilon
Fedhas
Gozag
Hepliaklqana
Kikubaaqudgha
Makhleb
Nemelex Xobeh
Okawaru
Qazlal
Ru
Sif Muna
Trog
Uskayaw
Vehumet
Wu Jian
Xom
Yredelemnul
Zin
The Shining One
Beogh
Jiyva

Shops:
D:7 [   D:8 =   D:10 (   D:11 }   D:15 :}?   Orc:2 ([[?   Snake:2 *[
Vaults:2 }   Depths:1 ***   Depths:4 (

Portals:
Hell: Depths:1 Depths:2 Depths:5
Abyss: Depths:2 Depths:4
Ziggurat: Depths:1

Annotations:
D:4 1 exclusion
Vaults:4 Sojobo


Innate Abilities, Weirdness & Mutations

You are resistant to damage.
You can heal yourself by infusing magical energy.
You resist negative energy. (rN+)
You passively map a large area around you.
You do not regenerate.
You are partially covered in yellow scales. (AC +2)
Scrolls take you a little longer to read.
Your body often deteriorates upon taking damage.
You are dopey. (Int -2)
You are very weak. (Str -4)
You expend magic power (3 MP) to strengthen your wands.


Message History

Your Executioner hits the wandering mushroom!!
The wandering mushroom is destroyed!
The wandering mushroom releases spores at you but does no damage.
The deathcap closely misses you. The wandering mushroom misses you.
The Orb Guardian hits you.
You closely miss the Orb Guardian.
The Orb Guardian is lightly wounded.
You hit the deathcap but do no damage.
You hit the wandering mushroom but do no damage.
You slice the wandering mushroom!! You burn the wandering mushroom.
You destroy the wandering mushroom!
You slice the wandering mushroom!! You burn the wandering mushroom!
You destroy the wandering mushroom!
You hit the Orb Guardian. You burn the Orb Guardian.
The Orb Guardian hits you!!!
* * * LOW HITPOINT WARNING * * *
Your body deteriorates!
You feel weakened. The Orb Guardian hits you!
The wandering mushroom misses you. The Orb Guardian hits you!!!
You die...

*,,,,,,...............,,**,,,,,,,
**,,,,..§...............*,,,,,,,,
*▓.......§.............,,,,,,,,,
*▓.........§............*,,,,,,,,
*...........z...........**,,,,,,,
,.................(.....***,,,,,,
,..................X....* *******
*...............†X.....#*
*▓.............1@X...▓**
*▓.............ff▓▓▓▓
▓▓.....##▓▓▓▓▓▓▓▓▓▓▓#
*#...............[.))###
*#..........^.....##))))##
*............^.....###().########
,.......^...).......###..).......
,...............^...# ##[).......
,...................# #.))......


You could see a curse toe, 3 Orb Guardians, a deathcap, a wandering mushroom and
a friendly Executioner.

Vanquished Creatures
  2 ancient liches
  3 orbs of fire (Zot:5)
  Sojobo (Vaults:4)
  Vashnia (Snake:2)
  Saint Roka (Snake:3)
  3 caustic shrikes (Depths:5)
  3 Killer Klowns
  A curse toe (Zot:5)
  6 golden dragons
  3 liches
  2 electric golems (Zot:5)
  Rupert (Lair:6)
  13 tentacled monstrosities
  10 Orb Guardians (Zot:5)
  The ghost of Huanucon the Hoplite, an adept MiFi of Trog (Lair:5)
  4 titans (Vaults:5)
  2 quicksilver dragons (Zot:2)
  4 death cobs
  5 sphinxes
  Agnes (Snake:4)
  Frances (Swamp:2)
  The ghost of Wichumer the Champion of Chaos, an adept DDFi of Makhleb (Snake:2)
  5 storm dragons
  6 tengu reavers
  3 shadow dragons
  4 draconian monks
  6 nagarajas (Snake:4)
  10 frost giants
  Louise (Depths:2)
  5 deep elf sorcerers
  8 fire giants
  18 vault wardens
  A ghost moth (Zot:5)
  2 iron dragons
  6 draconian knights
  4 draconian scorchers
  A ghost moth (shapeshifter) (Depths:5)
  3 draconian shifters
  The ghost of Ritotilu the Bludgeoner, a journeyman MiBe of Trog (D:15)
  5 draconian stormcallers
  20 ironheart preservers
  A deep elf elementalist (Vaults:5)
  6 draconian annihilators
  20 very ugly things
  2 war gargoyles (Vaults:5)
  6 entropy weavers
  20 stone giants
  The ghost of Hepraf the Fencer, a journeyman MiMo of Gozag (Lair:5)
  The ghost of Banto the Covert, a journeyman OpEE of Sif Muna (Lair:5)
  4 vampire knights
  2 caustic shrike skeletons
  11 deep elf annihilators
  7 green draconians
  A deep elf demonologist (Vaults:5)
  11 black draconians
  Azrael (Snake:2)
  5 purple draconians
  The ghost of Geinyojo the Severer, a journeyman MiBe of Trog (Lair:5)
  4 yellow draconians
  5 red draconians
  12 white draconians
  6 spark wasps
  A jiangshi (Depths:5)
  A deep elf death mage (Vaults:3)
  12 fire dragons
  12 ettins
  2 deep elf high priests (Vaults:5)
  5 rakshasas
  16 ice dragons
  32 vault guards
  12 great orbs of eyes
  12 yaktaur captains
  16 naga warriors
  Harold (Orc:1)
  4 catoblepae
  8 hydras
  2 spriggan air magi
  2 death knights (Vaults:5)
  13 anacondas
  A ghost crab (Swamp:1)
  11 centaur warriors
  20 ogre magi
  59 two-headed ogres
  22 alligators
  Erica (D:8)
  14 deep troll earth magi
  3 death yaks (IceCv)
  3 tengu warriors
  10 deep troll shamans
  18 naga sharpshooters
  2 vampire magi
  4 spriggan berserkers
  6 shock serpents
  Sonja (Lair:5)
  6 deep elf knights
  2 salamander mystics
  2 iron trolls
  A death drake (shapeshifter) (Vaults:4)
  A hell knight (Depths:5)
  3 shadow wraiths
  27 deep trolls
  A skeletal warrior (Vaults:5)
  A sea snake (Snake:1)
  A spriggan druid (Swamp:3)
  8 glowing orange brains
  4 unseen horrors
  A spark wasp zombie (Depths:5)
  5 shambling mangroves
  3 flayed ghosts
  14 naga ritualists
  7 swamp dragons
  3 harpies (Vaults:3)
  7 wizards
  6 orc sorcerers
  Pikel (D:6)
  12 deep elf archers
  11 ironbrand convokers
  A lindwurm (D:13)
  3 phantasmal warriors
  52 ugly things
  A shadow dragon zombie (Depths:4)
  13 orc knights
  3 necromancers
  3 wolf spiders
  27 deep elf magi
  A faun (shapeshifter) (Vaults:4)
  A wolf spider zombie (D:11)
  3 mana vipers
  A fire giant zombie (Depths:4)
  A sphinx skeleton (Vaults:1)
  4 manticores
  Maurice (D:12)
  A human zombie (Vaults:1)
  4 cyclopes
  14 moths of wrath
  2 moths of wrath (shapeshifter)
  42 black mambas
  2 guardian serpents
  8 salamanders
  9 vault sentinels
  A black mamba (shapeshifter) (Depths:1)
  2 centaur zombies (D:15)
  8 elephants (Lair:6)
  24 naga magi
  Joseph (D:8)
  An ice statue (IceCv)
  A spiny frog (shapeshifter) (Vaults:1)
  A komodo dragon (shapeshifter) (Vaults:5)
  2 rime drakes (shapeshifter)
  A torpor snail (shapeshifter) (Vaults:5)
  2 torpor snails (Lair:6)
  18 spiny frogs
  A gargoyle (D:11)
  13 freezing wraiths
  6 komodo dragons
  4 rime drakes
  39 yaktaurs
  An efreet (D:15)
  5 tengu conjurers
  17 polar bears
  14 trolls
  A queen bee (shapeshifter) (Depths:3)
  19 tyrant leeches
  26 hornets
  30 blink frogs
  6 bog bodies
  2 wind drakes (shapeshifter)
  A dream sheep (Lair:6)
  A hippogriff (shapeshifter) (Depths:5)
  A meliai zombie (D:15)
  31 slime creatures
  7 hippogriffs
  A flying skull (Vaults:3)
  5 shadows
  8 redbacks (D:15)
  19 spriggans
  A vampire (D:12)
  6 wraiths
  2 basilisks (Lair:3)
  A yak (shapeshifter) (Depths:2)
  31 yaks
  4 fire elementals (Snake:2)
  A golden eye (shapeshifter) (Depths:5)
  A human simulacrum (Vaults:1)
  A hog (shapeshifter) (Depths:1)
  A yaktaur simulacrum (Vaults:1)
  3 swamp worm simulacra (Swamp:4)
  4 wyverns
  4 hogs (D:8)
  An elf skeleton (Depths:4)
  A steam dragon (shapeshifter) (Vaults:5)
  11 vampire mosquitoes
  3 hungry ghosts
  A human (D:8)
  16 hydra simulacra (Swamp:4)
  14 insubstantial wisps
  31 nagas
  A soldier ant (D:12)
  7 wargs
  20 swamp worms
  A soldier ant (shapeshifter) (Depths:1)
  8 porcupines
  A floating eye (shapeshifter) (Depths:5)
  A floating eye (Depths:4)
  A hell hound (Snake:2)
  20 water moccasins
  14 ice beasts
  41 orc warriors
  3 phantoms
  5 black bears
  A hornet zombie (D:15)
  5 sky beasts
  4 swamp drakes
  A necrophage (D:12)
  57 ogres
  13 boggarts
  53 wolves
  12 centaurs
  The ghost of Pieper the Shield-Bearer, an amateur GrFi (D:3)
  18 crocodiles
  7 earth elementals (Depths:2)
  20 bullfrogs
  A deep troll simulacrum (Vaults:3)
  5 wyvern skeletons
  3 scorpions
  An orc simulacrum (Vaults:1)
  9 killer bees (D:12)
  3 wights (D:6)
  4 howler monkeys
  5 crimson imps
  3 jellies
  A lava snake (D:8)
  3 quasits
  3 bullfrog zombies
  3 hounds
  26 orc wizards
  29 orc priests
  6 centaur skeletons
  3 bullfrog skeletons (D:12)
  8 iguanas
  Terence (D:2)
  12 worker ants
  A hound zombie (D:10)
  A hound skeleton (D:9)
  3 worker ant zombies
  Robin (D:3)
  9 adders
  3 gnolls (D:7)
  2 howler monkey skeletons
  A shadow imp (D:10)
  2 white imps
  An ufetubus (Vaults:2)
  5 swamp drake simulacra (Swamp:4)
  An adder zombie (D:9)
  An adder skeleton (D:6)
  A worm (D:4)
  3 dart slugs (D:1)
  9 leopard geckos
  88 orcs
  3 bats
  7 giant cockroaches
  12 goblins
  6 hobgoblins
  11 jackals
  9 kobolds
  4 quokkas
  4 ball pythons
  12 frilled lizards
  2 leopard gecko skeletons
  A quokka zombie (D:7)
  9 rats
  3 fungi
  4 plants
2076 creatures vanquished.

Vanquished Creatures (collateral kills)
  Xtahua (Vaults:3)
  A black draconian (Zot:4)
  2 white draconians (Zot:4)
4 creatures vanquished.

Vanquished Creatures (others)
  An ancient lich (Vaults:5)
  A tengu reaver (Vaults:4)
  A spriggan druid (Swamp:4)
  A naga ritualist (Snake:4)
  5 yaktaurs (Depths:1)
  A polar bear (IceCv)
  A wolf (IceCv)
  An orc priest (Snake:3)
  30 fungi
  13 plants
55 creatures vanquished.

Grand Total: 2135 creatures vanquished

Notes
Turn   | Place    | Note
-------+----------+-------------------------------------------
     0 | D:1      | btonasse the Deep Dwarf Fighter began the quest for the Orb.
     0 | D:1      | Reached XP level 1. HP: 20/20 MP: 1/1
   102 | D:1      | Reached XP level 2. HP: 27/27 MP: 2/2
   646 | D:1      | Reached XP level 3. HP: 31/34 MP: 3/3
   931 | D:2      | Noticed Terence
   943 | D:2      | Killed Terence
  1620 | D:3      | Found a hazy altar of Hepliaklqana.
  1644 | D:3      | Reached XP level 4. HP: 38/42 MP: 4/4
  1866 | D:3      | Found a glowing drain.
  1871 | D:3      | Reached skill level 4 in Shields
  1900 | Sewer    | Entered a sewer
  2662 | D:3      | Found a runed gate.
  2662 | D:3      | Found a runed gate.
  2666 | D:3      | Found a runed gate.
  2666 | D:3      | Found an opulent altar of Gozag.
  2669 | D:3      | Noticed Pieper's ghost (amateur GrFi)
  2683 | D:3      | Killed Pieper's ghost
  2683 | D:3      | Reached XP level 5. HP: 23/49 MP: 5/5
  2787 | D:3      | Found an ancient bone altar of Kikubaaqudgha.
  2803 | D:3      | Noticed Robin
  2816 | D:3      | Killed Robin
  3316 | D:4      | Noticed an ogre
  3337 | D:4      | Killed an ogre
  3337 | D:4      | Reached XP level 6. HP: 37/57 MP: 6/6
  3435 | D:4      | Found a white marble altar of Elyvilon.
  3523 | D:4      | Found a sparkling altar of Nemelex Xobeh.
  3696 | D:4      | Reached skill level 5 in Shields
  3774 | D:4      | Found a deep blue altar of Sif Muna.
  3905 | D:5      | Entered Level 5 of the Dungeon
  3946 | D:5      | Reached skill level 5 in Armour
  4060 | D:5      | Reached XP level 7. HP: 26/66 MP: 7/7
  4176 | D:5      | Reached skill level 5 in Axes
  4263 | D:5      | Found a staircase to the Ecumenical Temple.
  4272 | Temple   | Entered the Ecumenical Temple
  4290 | Temple   | Became a worshipper of Makhleb the Destroyer
  5180 | D:6      | Reached skill level 5 in Fighting
  5220 | D:6      | Reached XP level 8. HP: 36/74 MP: 8/8
  5404 | D:6      | Reached * piety under Makhleb
  5531 | D:6      | Found a glowing golden altar of the Shining One.
  5728 | D:6      | Gained mutation: You passively map the area around you. [Deep Dwarf growth]
  5728 | D:6      | Reached XP level 9. HP: 46/85 MP: 7/7
  5752 | D:6      | Noticed Pikel
  5776 | D:6      | Killed Pikel
  5776 | D:6      | Reached skill level 10 in Axes
  6241 | D:7      | Found a basalt altar of Yredelemnul.
  6273 | D:7      | Found Buwo's Antique Armour Shoppe.
  6293 | D:7      | Bought a pair of embroidered gloves for 180 gold pieces
  6756 | D:8      | Found a shattered altar of Ashenzari.
  6770 | D:8      | Reached ** piety under Makhleb
  6897 | D:8      | Noticed Joseph
  6923 | D:8      | Killed Joseph
  6923 | D:8      | Reached skill level 6 in Shields
  6966 | D:8      | Noticed Erica
  6999 | D:8      | Killed Erica
  6999 | D:8      | Reached skill level 7 in Shields
  6999 | D:8      | Reached XP level 10. HP: 54/94 MP: 8/8
  7270 | D:8      | Found Sussizit's Jewellery Boutique.
  7545 | D:8      | Reached skill level 8 in Shields
  7642 | D:8      | Found a bloodstained altar of Trog.
  7985 | D:8      | Found a snail-covered altar of Cheibriados.
  8266 | D:9      | Reached skill level 9 in Shields
  8380 | D:9      | Reached skill level 1 in Invocations
  8411 | D:9      | Reached *** piety under Makhleb
  8502 | D:9      | Found the +9 scales of the Dragon King {rPois rF+ rC+ MR+}
  8765 | D:9      | Found a radiant altar of Vehumet.
  8889 | D:10     | Entered Level 10 of the Dungeon
  9360 | D:10     | Found Iptesh's Antique Weapon Shop.
  9368 | D:10     | Found a basalt altar of Yredelemnul.
  9621 | D:11     | Noticed a gargoyle
  9633 | D:11     | Killed a gargoyle
  9749 | D:11     | Found Lumah's Gadget Shop.
  9752 | D:11     | Bought a sack of spiders for 280 gold pieces
  9772 | D:11     | Reached XP level 11. HP: 71/100 MP: 11/11
  9780 | D:11     | Reached skill level 10 in Shields
  9780 | D:11     | Reached skill level 5 in Invocations
 10106 | D:11     | Reached **** piety under Makhleb
 10111 | D:11     | Found a staircase to the Lair.
 10136 | D:11     | Noticed a two-headed ogre
 10154 | D:11     | Killed a two-headed ogre
 10226 | D:11     | Found a staircase to the Orcish Mines.
 10381 | D:11     | Reached skill level 11 in Shields
 10709 | D:11     | Learned a level 1 spell: Summon Small Mammal
 11103 | D:11     | Found a roughly hewn altar of Beogh.
 11167 | Lair:1   | Entered Level 1 of the Lair of Beasts
 11218 | Lair:1   | Got a pair of ancient gloves
 11229 | Lair:1   | Identified the +2 pair of gloves "Feavvec" {rC+ rN+ Int-3} (You found it on level 1 of the Lair of Beasts)
 11743 | Lair:1   | Reached skill level 12 in Shields
 11766 | Lair:1   | Reached ***** piety under Makhleb
 11933 | Lair:1   | Reached XP level 12. HP: 109/109 MP: 13/13
 11972 | Lair:1   | Noticed a seven-headed hydra
 12000 | Lair:1   | Killed a seven-headed hydra
 12809 | Lair:2   | Reached skill level 13 in Shields
 12866 | Lair:2   | Noticed a catoblepas
 12866 | Lair:2   | Noticed a four-headed hydra
 13481 | Lair:2   | Killed a catoblepas
 13674 | Lair:3   | Noticed a six-headed hydra
 13705 | Lair:3   | Killed a 14-headed hydra
 13815 | Lair:3   | Identified a scroll of acquirement
 14003 | Lair:3   | Found a staircase to the Swamp.
 14522 | Lair:3   | Reached skill level 14 in Shields
 14867 | Lair:4   | Noticed a catoblepas
 14877 | Lair:4   | Killed a catoblepas
 14914 | Lair:4   | Found a staircase to the Snake Pit.
 15003 | Lair:4   | Noticed an eight-headed hydra
 15014 | Lair:4   | Killed a nine-headed hydra
 15014 | Lair:4   | Reached XP level 13. HP: 107/115 MP: 14/14
 15622 | Lair:5   | Noticed Sonja
 15784 | Lair:5   | Found a runed gate.
 15784 | Lair:5   | Found a runed gate.
 15784 | Lair:5   | Found a runed gate.
 15784 | Lair:5   | Noticed Hepraf's ghost (journeyman MiMo)
 15784 | Lair:5   | Noticed Geinyojo's ghost (journeyman MiBe)
 15784 | Lair:5   | Noticed Huanucon's ghost (adept MiFi)
 15784 | Lair:5   | Noticed Banto's ghost (journeyman OpEE)
 15833 | Lair:5   | HP: 4/115 [Hepraf's ghost (3)]
 15840 | Lair:5   | Killed Huanucon's ghost
 15842 | Lair:5   | Killed Hepraf's ghost
 15846 | Lair:5   | Killed Banto's ghost
 15858 | Lair:5   | HP: 5/115 [Geinyojo's ghost (8)]
 15885 | Lair:5   | Found a staircase to the Slime Pits.
 15913 | Lair:5   | Reached skill level 15 in Shields
 16030 | Lair:5   | Reached skill level 15 in Axes
 16592 | Orc:1    | Entered Level 1 of the Orcish Mines
 16614 | Orc:1    | Noticed Harold
 16618 | Orc:1    | Reached ****** piety under Makhleb
 16635 | Orc:1    | Killed Harold
 17542 | Orc:2    | Entered Level 2 of the Orcish Mines
 17709 | Orc:2    | Found a staircase to the Elven Halls.
 17780 | Orc:2    | Found a roughly hewn altar of Beogh.
 17802 | Orc:2    | Found Quvomioh's Antique Armour Boutique.
 18192 | Orc:2    | Gained mutation: You resist negative energy. (rN+) [Deep Dwarf growth]
 18192 | Orc:2    | Reached XP level 14. HP: 123/123 MP: 14/14
 18200 | Orc:2    | Found Wimuecrirea's Antique Weapon Shop.
 18213 | Orc:2    | Found Ruluck's Magic Scroll Shoppe.
 18242 | Orc:2    | Found Vofe's Armour Boutique.
 18246 | Orc:2    | Bought a scroll of enchant weapon for 127 gold pieces
 18246 | Orc:2    | Bought a scroll of identify for 34 gold pieces
 18246 | Orc:2    | Bought a scroll of identify for 34 gold pieces
 18263 | Orc:2    | Bought a runed broad axe for 245 gold pieces
 18267 | Orc:2    | Bought a glowing broad axe for 245 gold pieces
 18667 | Lair:5   | Killed Geinyojo's ghost
 18819 | Lair:5   | Killed Sonja
 18944 | Lair:6   | Entered Level 6 of the Lair of Beasts
 19073 | Lair:6   | Reached skill level 1 in Evocations
 19204 | Lair:6   | Learned a level 1 spell: Infusion
 19448 | Lair:6   | Noticed Rupert
 19463 | Lair:6   | Killed Rupert
 19690 | Lair:6   | Reached skill level 10 in Armour
 19690 | Lair:6   | Reached skill level 5 in Evocations
 19793 | Lair:6   | Reached skill level 10 in Invocations
 20472 | Snake:1  | Entered Level 1 of the Snake Pit
 20518 | Snake:1  | Reached XP level 15. HP: 100/129 MP: 16/16
 20836 | Snake:1  | Found a runed gate.
 20836 | Snake:1  | Found a runed gate.
 20836 | Snake:1  | Found a runed gate.
 21743 | Snake:2  | Found Zeufuj's Assorted Antiques.
 21927 | Snake:2  | Noticed Vashnia
 21941 | Snake:2  | Noticed Azrael
 21953 | Snake:2  | Killed Azrael
 22095 | Snake:2  | Killed Vashnia
 22365 | Snake:2  | Found Rukk's Antique Armour Boutique.
 22374 | Snake:2  | Found a runed door.
 22374 | Snake:2  | Noticed Wichumer's ghost (adept DDFi)
 22406 | Snake:2  | Killed Wichumer's ghost
 22781 | Snake:3  | Noticed Saint Roka
 23214 | Snake:3  | Reached XP level 16. HP: 63/146 MP: 19/19
 23255 | Snake:3  | Reached skill level 10 in Fighting
 23352 | Snake:3  | Killed Saint Roka
 23923 | Snake:4  | Entered Level 4 of the Snake Pit
 23930 | Snake:4  | Noticed Agnes
 23939 | Snake:4  | Killed Agnes
 24730 | Snake:4  | Reached skill level 16 in Shields
 24961 | Snake:4  | Reached XP level 17. HP: 79/164 MP: 19/19
 25666 | Snake:4  | Got a serpentine rune of Zot
 25964 | Snake:1  | Upgraded the game from 0.22.0-21-g8bd1b0a76a to 0.22.0-25-g7663229ff0
 25996 | Swamp:1  | Entered Level 1 of the Swamp
 26019 | Swamp:1  | Paralysed by a hornet for 1 turns
 27648 | Swamp:3  | Reached skill level 17 in Shields
 28425 | Swamp:4  | Entered Level 4 of the Swamp
 29192 | Swamp:4  | Gained mutation: You passively map a large area around you. [Deep Dwarf growth]
 29192 | Swamp:4  | Reached XP level 18. HP: 169/175 MP: 22/22
 29257 | Swamp:4  | Reached skill level 15 in Invocations
 29343 | Swamp:4  | Got a decaying rune of Zot
 29438 | Swamp:2  | Noticed Frances
 29444 | Swamp:2  | Killed Frances
 29590 | D:12     | Noticed Maurice
 29611 | D:12     | Killed Maurice
 29924 | D:13     | Found a flagged portal.
 29975 | D:12     | Reached skill level 18 in Shields
 29988 | D:13     | Identified Jujeach's Volume of Feathery Evil
 30172 | D:13     | Found a frozen archway.
 30197 | IceCv    | Entered an ice cave
 31396 | D:13     | Found a gate to the Vaults.
 31706 | D:14     | Identified the Handbook of Orientation and Beguiling
 31903 | D:14     | Found a shattered altar of Ashenzari.
 31982 | D:15     | Entered Level 15 of the Dungeon
 32077 | D:15     | Found Reyneet's Book Emporium.
 32156 | D:15     | Found a staircase to the Depths.
 32199 | D:15     | Found Bofe's Gadget Boutique.
 32210 | D:15     | Bought a wand of acid (8) for 408 gold pieces
 32210 | D:15     | Bought a phantom mirror for 510 gold pieces
 32210 | D:15     | Bought a wand of acid (13) for 578 gold pieces
 32210 | D:15     | Bought a wand of iceblast (10) for 238 gold pieces
 32210 | D:15     | Bought a wand of scattershot (6) for 510 gold pieces
 32219 | D:15     | Found a runed gate.
 32219 | D:15     | Found a runed gate.
 32220 | D:15     | Found a runed gate.
 32221 | D:15     | Noticed Ritotilu's ghost (journeyman MiBe)
 32324 | D:15     | Killed Ritotilu's ghost
 32335 | D:15     | Identified the cursed +0 helmet of the Valley {rN+} (You found it on level 15 of the Dungeon)
 32365 | D:15     | Found Varph's Magic Scroll Boutique.
 33138 | Vaults:1 | Entered Level 1 of the Vaults
 33354 | Vaults:1 | Reached skill level 1 in Dodging
 33354 | Vaults:1 | Reached skill level 19 in Shields
 33703 | Vaults:1 | Reached XP level 19. HP: 165/182 MP: 24/24
 34130 | Vaults:1 | Reached skill level 5 in Dodging
 34657 | Vaults:2 | Found a snail-covered altar of Cheibriados.
 35176 | Vaults:2 | Found Moynich's Gadget Emporium.
 35227 | Vaults:2 | Reached skill level 20 in Shields
 36010 | Vaults:3 | Noticed a lich
 36011 | Vaults:3 | Reached XP level 20. HP: 190/190 MP: 25/25
 36204 | Vaults:3 | Reached skill level 15 in Armour
 36230 | Vaults:3 | Found a staircase to the Crypt.
 36429 | Vaults:3 | Noticed Xtahua
 36449 | Vaults:3 | Killed Xtahua
 36544 | Vaults:3 | Reached skill level 21 in Shields
 37672 | Vaults:4 | Noticed Sojobo
 37725 | Vaults:4 | Killed Sojobo
 37785 | Vaults:4 | Found a flickering gateway to a bazaar.
 37791 | Bazaar   | Entered a bazaar
 37791 | Bazaar   | Found Lobocvoe's Armour Shop.
 37798 | Bazaar   | Bought a scarf of resistance for 384 gold pieces
 37821 | Bazaar   | Found Bacaes's Book Boutique.
 37825 | Bazaar   | Found Olienn's Food Shoppe.
 37845 | Bazaar   | Found Vuzajaleipp's Armour Boutique.
 38134 | Vaults:5 | Entered Level 5 of the Vaults
 38149 | Vaults:5 | Reached XP level 21. HP: 198/198 MP: 26/26
 38155 | Vaults:5 | Reached skill level 22 in Shields
 38191 | Vaults:5 | Noticed a golden dragon
 38234 | Vaults:5 | Noticed an ancient lich
 38258 | Vaults:5 | Killed an ancient lich
 38343 | Vaults:5 | Killed a golden dragon
 38646 | Vaults:5 | Reached skill level 23 in Shields
 38923 | Vaults:5 | Reached XP level 22. HP: 206/206 MP: 27/27
 39218 | Vaults:5 | Identified the +8 plate armour of the Salamander {MR+} (You found it on level 5 of the Vaults)
 39318 | Vaults:5 | Got a silver rune of Zot
 39408 | Vaults:5 | Noticed an ancient lich
 39422 | Vaults:5 | Killed an ancient lich
 39780 | Vaults:5 | Reached skill level 24 in Shields
 40193 | Depths:1 | Entered Level 1 of the Depths
 40214 | Depths:1 | Found a gateway to Hell.
 40406 | Depths:1 | Found Jysha's General Store.
 40551 | Depths:1 | Found Poddenio's General Store.
 40594 | Depths:1 | Found a gateway to a ziggurat.
 40646 | Depths:1 | Found Rekused's General Store.
 40654 | Depths:1 | Bought a potion of heal wounds for 95 gold pieces
 40842 | Depths:1 | Reached skill level 10 in Dodging
 41020 | Depths:2 | Reached XP level 23. HP: 213/213 MP: 28/28
 41060 | Depths:2 | Noticed Louise
 41077 | Depths:2 | Killed Louise
 41081 | Depths:2 | Found a one-way gate to the infinite horrors of the Abyss.
 41133 | Depths:2 | Noticed a juggernaut
 41643 | Depths:3 | Reached skill level 25 in Shields
 41984 | Depths:4 | Reached skill level 15 in Dodging
 42244 | Depths:4 | Found Ywkuroacy's Antique Weapon Boutique.
 42260 | Depths:4 | Bought an iridescent war axe for 425 gold pieces
 42260 | Depths:4 | Identified the +5 war axe "Ickih" {drain, rPois MR- Int+3 Stlth+} (You bought it in a shop on level 4 of the Depths)
 42455 | Depths:5 | Entered Level 5 of the Depths
 42684 | Depths:5 | Noticed a caustic shrike
 42699 | Depths:5 | Killed a caustic shrike
 42777 | Depths:5 | Noticed an ancient lich
 42806 | Depths:5 | Killed an ancient lich
 42810 | Depths:5 | Identified the +7 war axe of Dismemberment {venom, rPois rC+ Int+3} (You found it on level 5 of the Depths)
 42813 | Depths:5 | Identified the Almanac of Earthen Changing
 42909 | Depths:5 | Reached XP level 24. HP: 222/222 MP: 28/28
 43105 | Depths:5 | Got a steaming plate armour
 43116 | Depths:5 | Identified the +13 plate armour of the Five Tales {rC+} (You found it on level 5 of the Depths)
 43202 | Depths:5 | Found a gate to the Realm of Zot.
 43685 | Zot:1    | Entered Level 1 of the Realm of Zot
 44891 | Zot:4    | Reached XP level 25. HP: 123/229 MP: 26/26
 45039 | Zot:5    | Entered Level 5 of the Realm of Zot
 45228 | Zot:5    | Noticed an orb of fire
 45241 | Zot:5    | Gained mutation: Your spells are a little easier to cast, but a little less powerful. [an orb of fire]
 45247 | Zot:5    | Gained mutation: Scrolls take you a little longer to read. [an orb of fire]
 45249 | Zot:5    | Gained mutation: You are dopey. (Int -2) [an orb of fire]
 45259 | Zot:5    | Killed an orb of fire
 45307 | Zot:5    | Noticed an orb of fire
 45319 | Zot:5    | Lost mutation: Scrolls take you a little longer to read. [potion of mutation]
 45319 | Zot:5    | Lost mutation: You are dopey. (Int -2) [potion of mutation]
 45319 | Zot:5    | Lost mutation: Your spells are a little easier to cast, but a little less powerful. [potion of mutation]
 45319 | Zot:5    | Gained mutation: You have a pair of small antennae on your head. [potion of mutation]
 45319 | Zot:5    | Gained mutation: Your system is resistant to poisons. (rPois) [potion of mutation]
 45319 | Zot:5    | Lost mutation: Your system is resistant to poisons. (rPois) [potion of mutation]
 45319 | Zot:5    | Gained mutation: You expend magic power (3 MP) to strengthen your wands. [potion of mutation]
 45408 | Zot:5    | Noticed an orb of fire
 45415 | Zot:5    | Gained mutation: You are weak. (Str -2) [an orb of fire]
 45425 | Zot:5    | Gained mutation: Armour fits poorly on your strangely shaped body. [an orb of fire]
 45426 | Zot:5    | Gained mutation: Scrolls take you a little longer to read. [an orb of fire]
 45439 | Zot:5    | Gained mutation: You are frail. (-10% HP) [an orb of fire]
 45446 | Zot:5    | Gained mutation: Your body sometimes deteriorates upon taking damage. [an orb of fire]
 45452 | Zot:5    | Gained mutation: Your body often deteriorates upon taking damage. [an orb of fire]
 45460 | Zot:5    | Gained mutation: You tend to lose your temper in combat. [an orb of fire]
 45466 | Zot:5    | Gained mutation: You often lose your temper in combat. [an orb of fire]
 45469 | Zot:5    | Gained mutation: Scrolls take you longer to read. [an orb of fire]
 45470 | Zot:5    | Gained mutation: Your magical capacity is low. (-10% MP) [an orb of fire]
 45479 | Zot:5    | Gained mutation: You are occasionally teleported next to monsters. [an orb of fire]
 45481 | Zot:5    | Killed an orb of fire
 45482 | Zot:5    | Gained mutation: You are clumsy. (Dex -2) [an orb of fire]
 45482 | Zot:5    | Gained mutation: You are dopey. (Int -2) [an orb of fire]
 45487 | Zot:5    | Gained mutation: Scrolls take you much longer to read. [an orb of fire]
 45489 | Zot:5    | Gained mutation: You are very weak. (Str -4) [an orb of fire]
 45502 | Zot:5    | Killed an orb of fire
 45508 | Zot:5    | Lost mutation: You are dopey. (Int -2) [potion of mutation]
 45508 | Zot:5    | Lost mutation: Scrolls take you much longer to read. [potion of mutation]
 45508 | Zot:5    | Lost mutation: Scrolls take you longer to read. [potion of mutation]
 45508 | Zot:5    | Lost mutation: You are occasionally teleported next to monsters. [potion of mutation]
 45508 | Zot:5    | Lost mutation: You are clumsy. (Dex -2) [potion of mutation]
 45509 | Zot:5    | Lost mutation: You are frail. (-10% HP) [potion of mutation]
 45509 | Zot:5    | Lost mutation: You have a pair of small antennae on your head. [potion of mutation]
 45509 | Zot:5    | Lost mutation: You often lose your temper in combat. [potion of mutation]
 45509 | Zot:5    | Lost mutation: You tend to lose your temper in combat. [potion of mutation]
 45509 | Zot:5    | Gained mutation: You evolve. [potion of mutation]
 45510 | Zot:5    | Lost mutation: Your magical capacity is low. (-10% MP) [potion of mutation]
 45510 | Zot:5    | Lost mutation: Armour fits poorly on your strangely shaped body. [potion of mutation]
 45510 | Zot:5    | Lost mutation: You evolve. [potion of mutation]
 45510 | Zot:5    | Gained mutation: You are dopey. (Int -2) [potion of mutation]
 45510 | Zot:5    | Gained mutation: You are partially covered in yellow scales. (AC +2) [potion of mutation]
 45580 | Zot:5    | Slain by an Orb Guardian

Skill      XL: |  1  2  3  4  5  6  7  8  9 10 11 12 13 14 15 16 17 18 19 20 21 22 23 24 25 |
---------------+----------------------------------------------------------------------------+-----
Fighting       | 3 4 5 6 7 9 13 14 | 14.2
Axes           | 3 4 6 9 10 11 14 16 18 | 18.0
Shields        | 4 5 7 9 12 14 15 16 17 19 20 21 23 24 25 | 25.0
Armour         | 4 5 7 9 10 12 14 17 19 20 | 20.4
Invocations    | 4 8 10 12 14 17 | 17.0
Evocations     | 7 9 |  9.9
Dodging        | 3 8 10 18 22 24 | 24.6

Action                   |  1- 3 |  4- 6 |  7- 9 | 10-12 | 13-15 | 16-18 | 19-21 | 22-24 | 25-27 || total
-------------------------+-------+-------+-------+-------+-------+-------+-------+-------+-------++-------
Melee: War axe           |    89 |   204 |   381 |  1005 |       |       |       |       |       ||  1679
       Broad axe         |       |       |       |    96 |  1291 |  1717 |  1374 |  1504 |   412 ||  6394
Invok: Minor Destruction |       |       |       |    23 |    21 |       |     3 |       |       ||    47
       Major Destruction |       |       |       |     1 |     1 |       |       |       |       ||     2
       Lesser Servant of |       |       |       |       |       |       |       |     2 |       ||     2
       Greater Servant o |       |       |       |       |       |       |       |       |     6 ||     6
 Abil: Heal Wounds       |       |       |     3 |    10 |    13 |     4 |       |     4 |    18 ||    52
Evoke: Wand              |       |       |       |     1 |       |       |       |       |       ||     1
       Sack of spiders   |       |       |       |       |     1 |       |     3 |       |       ||     4
       Lamp of fire      |       |       |       |       |       |       |     1 |       |       ||     1
       Phantom mirror    |       |       |       |       |       |       |     1 |       |       ||     1
       Box of beasts     |       |       |       |       |       |       |       |       |     1 ||     1
  Use: Scroll            |     3 |     5 |     4 |    15 |    23 |    16 |     9 |     9 |     1 ||    85
       Potion            |       |     1 |     2 |     5 |    14 |     3 |     1 |     1 |    13 ||    40
 Stab: Invisible         |       |       |       |     8 |     5 |       |       |       |       ||    13
       Confused          |       |       |       |       |       |     1 |       |       |       ||     1
       Distracted        |       |       |       |       |       |       |     1 |       |       ||     1
       Held in net/web   |       |       |       |       |       |       |     1 |       |       ||     1
  Eat: Chunk             |     1 |     3 |    10 |     9 |    14 |    13 |    12 |    11 |       ||    73
       Ration            |     1 |     1 |       |     6 |     4 |     7 |     2 |     3 |     1 ||    25
Armor: Scale mail        |    45 |    65 |   110 |       |       |       |       |       |       ||   220
       Plate armour      |       |       |    95 |   106 |       |       |       |       |       ||   201
       Gold dragon scale |       |       |       |   590 |   653 |   830 |   438 |   630 |   176 ||  3317
Dodge: Dodged            |    27 |    41 |    64 |   175 |   199 |   161 |   218 |   526 |   206 ||  1617
Block: Shield            |    55 |    94 |   178 |   704 |   888 |   144 |       |       |       ||  2063
       Large shield      |       |       |       |       |       |  1509 |  1509 |  2058 |   514 ||  5590
